 Dungeon Crawl Stone Soup version 0.26.0-45-g9c1d065592 (webtiles) character file.

Game seed: 16191897180344091012

128 kaeus the Skirmisher (level 4, -2/37 HPs)
             Began as a Demonspawn Fighter on Jan 28, 2021.
             Killed by divine providence
             ... invoked by an orc priest
              (16 damage)
             ... on level 3 of the Dungeon.
             The game lasted 00:02:46 (2003 turns).

kaeus the Skirmisher (Demonspawn Fighter)           Turns: 2003, Time: 00:02:46

Health: -2/37      AC:  9    Str: 18    XL:     4   Next: 87%
Magic:  4/4        EV: 22    Int:  9    God:
Gold:   136        SH:  9    Dex: 14    Spells: 3/3 levels left

rFire    . . .     SeeInvis .   a - +0 trident
rCold    . . .     Faith    .   c - +0 kite shield
rNeg     . . .     Spirit   .   b - +0 scale mail
rPois    .         Reflect  .   (no helmet)
rElec    .         Harm     .   s - +0 cloak
rCorr    +         Rampage  .   o - +0 pair of gloves
Will     .....                  (no boots)
Stlth    +.........             n - amulet of the acrobat
HPRegen  0.12/turn              j - ring of resist corrosion
MPRegen  0.09/turn              (no ring)

@: acrobat
A: hooves 2, thin skeletal structure 1
a: no special abilities


You were on level 3 of the Dungeon.
You visited 1 branch of the dungeon, and saw 3 of its levels.

You collected 136 gold pieces.

Inventory:

Hand Weapons
 a - a +0 trident (weapon)
Armour
 b - a +0 scale mail (worn)
 c - a +0 kite shield (worn)
 o - a +0 pair of gloves (worn)
 s - a +0 cloak (worn)
Jewellery
 j - a ring of resist corrosion (left hand)
 n - an amulet of the acrobat (around neck)
Scrolls
 e - a scroll of immolation {unknown}
 f - a scroll of enchant armour {unknown}
 g - 2 scrolls of teleportation {unknown}
 h - 3 scrolls of fog {unknown}
 i - 3 scrolls of identify {unknown}
 p - a scroll of remove curse {unknown}
Potions
 d - 2 potions of might
 k - a potion of heal wounds {unknown}
 l - a potion of lignification {unknown}
 m - a potion of attraction {unknown}
 q - a potion of curing {unknown}
 r - a potion of cancellation {unknown}


   Skills:
 + Level 3.7 Fighting
 + Level 2.7 Polearms
 + Level 3.5 Armour
 + Level 3.4 Shields


You had 3 spell levels left.
You didn't know any spells.
Your spell library was empty.

Dungeon Overview and Level Annotations

Branches:
Dungeon (3/15)

Altars:
Nemelex Xobeh
Wu Jian


Innate Abilities, Weirdness & Mutations

You have hoof-like feet.
You have a somewhat thin skeletal structure. (Dex +2, Stealth)


Message History

The orc hits you but does no damage.
The gnoll hits the plant with a +0 spear.
A nearby plant withers and dies.
The orc hits something.
You block the orc's attack.
Something hits the plant.
Something hits the plant.
You are too injured to fight recklessly!
You are too injured to fight recklessly!
You are too injured to fight recklessly!
You are too injured to fight recklessly!
You are too injured to fight recklessly!
You barely miss the hobgoblin. Your kick misses the hobgoblin.
You block the bat's attack. The hobgoblin barely misses you. x2
You hit the hobgoblin.
You kill the hobgoblin!
A nearby plant withers and dies.
You block the orc's attack.
The gnoll hits you from afar with a +0 spear.
You take 2 damage, and have 14/37 hp.
The orc priest calls down the wrath of Beogh upon you.
Beogh smites you!
You die...

###.# #.# #..# #.#
.## #..# #.# ...
...# #.# ..# #..#
#.# #.# #..# #.#####
#.# #..#
#>....###.#######..#
#####.......@goo..$#
#####..♣o♣##o.##
♣♣..♣b♣...#
♣♣♣♣.o.P)♣
♣P...♣.)..♣
♣.♣..♣.♣......
.PP♣.♣♣♣..♣..P. P.♣
♣♣. .P. ... .♣ P
P♣o. ..


You could see an orc priest, a gnoll, 4 orcs and a bat.

Vanquished Creatures
  Crazy Yiuf (D:2)
  3 adders (D:2)
  A worm (D:2)
  3 dart slugs
  A leopard gecko (D:2)
  An orc (D:3)
  5 giant cockroaches
  5 goblins
  9 hobgoblins
  2 jackals (D:2)
  9 kobolds
  2 quokkas
  6 bats
  7 frilled lizards
  8 rats
63 creatures vanquished.

Vanquished Creatures (others)
  15 plants (D:3)
15 creatures vanquished.

Grand Total: 78 creatures vanquished

Notes
Turn   | Place    | Note
-------+----------+-------------------------------------------
     0 | D:1      | kaeus the Demonspawn Fighter began the quest for the Orb.
     0 | D:1      | Reached XP level 1. HP: 18/18 MP: 1/1
   198 | D:1      | Gained mutation: You have large cloven feet. [demonic
                  | ancestry]
   198 | D:1      | Reached XP level 2. HP: 24/24 MP: 2/2
   507 | D:1      | Gained mutation: You have hoof-like feet. [demonic
                  | ancestry]
   507 | D:1      | Reached XP level 3. HP: 29/29 MP: 3/3
   572 | D:1      | Found a sparkling altar of Nemelex Xobeh.
  1252 | D:2      | Gained mutation: You have a somewhat thin skeletal
                  | structure. (Dex +2, Stealth) [demonic ancestry]
  1252 | D:2      | Reached XP level 4. HP: 32/35 MP: 4/4
  1736 | D:2      | Found a runed translucent door.
  1737 | D:2      | Noticed Crazy Yiuf
  1795 | D:2      | Found an ornate altar of the Wu Jian Council.
  1885 | D:2      | Killed Crazy Yiuf
  2003 | D:3      | Killed from afar by an orc priest

Illustrated notes

Levels and vault maps discovered:
D:1:      dpeg_arrival_stonehenge_8_columns, layout_basic,
          nemelex_diamond_rough_becter
D:2:      layout_rooms, nzn_wu_jian_contemplation, uniq_crazy_yiuf_cottage
D:3:      wad_woods_stonehenge, layout_loops_ring, hangedman_decor_push,
          kennysheep_slug_shrine, uniq_natasha, uniq_terence

Skill      XL: |  1  2 |
---------------+-------+-----
Polearms       | 2 |  2.7
Armour         | 3 |  3.5
Shields        | 3 |  3.4
Fighting       | |  3.7

Action                   |  1- 3 |  4- 6 || total
-------------------------+-------+-------++-------
Melee: Trident           |   135 |    46 ||   181
       Kick              |    18 |    13 ||    31
Armor: Scale mail        |    51 |    21 ||    72
Dodge: Dodged            |    37 |    15 ||    52
Block: Kite shield       |    48 |    21 ||    69
